 Dungeon Crawl Stone Soup version 0.26.1-2-gb8aa6d0cf2 (webtiles) character file.

Game seed: 13972013595084557147

2331 Fastman69 the Cleaver (level 9, -15/79 HPs)
             Began as a Minotaur Fighter on Feb 21, 2021.
             Was an Initiate of Makhleb.
             Demolished by an ogre
             ... wielding a +0 giant spiked club
              (22 damage)
             ... on level 8 of the Dungeon.
             The game lasted 00:35:01 (5580 turns).

Fastman69 the Cleaver (Minotaur Fighter)            Turns: 5580, Time: 00:35:01

Health: -15/79     AC: 14    Str: 24    XL:     9   Next: 19%
Magic:  8/8        EV:  6    Int:  5    God:    Makhleb [......]
Gold:   339        SH: 11    Dex: 10    Spells: 8/8 levels left

rFire    . . .     SeeInvis .   a - +0 war axe
rCold    . . .     Faith    .   c - +0 kite shield
rNeg     . . .     Spirit   .   q - +0 plate armour
rPois    .         Reflect  .   (helmet restricted)
rElec    .         Harm     .   (no cloak)
rCorr    .         Rampage  .   t - +0 pair of gloves
Will     .....                  (no boots)
Stlth    ..........             (no amulet)
HPRegen  0.23/turn              (no ring)
MPRegen  0.11/turn              (no ring)

@: lethally poisoned (-15 -> -16), studying Armour
A: retaliatory headbutt, horns 2
a: Renounce Religion


You were on level 8 of the Dungeon.
You worshipped Makhleb.
Makhleb was noncommittal.
You visited 2 branches of the dungeon, and saw 9 of its levels.
You also visited: Sewer.

You collected 339 gold pieces.

Inventory:

Hand Weapons
 a - a +0 war axe (weapon)
 u - a cursed -2 battleaxe
Armour
 c - a +0 kite shield (worn)
 q - a +0 plate armour (worn)
 t - a +0 pair of gloves (worn)
 y - a +2 pair of gloves
Wands
 x - a wand of flame (25)
Scrolls
 b - 3 scrolls of identify
 g - 2 scrolls of amnesia {unknown}
 i - 4 scrolls of enchant weapon
 m - 4 scrolls of teleportation
 p - 2 scrolls of magic mapping {unknown}
 r - 5 scrolls of remove curse {unknown}
 s - a scroll of fog {unknown}
Potions
 d - a potion of might
 e - 3 potions of flight {unknown}
 f - 2 potions of lignification {unknown}
 h - a potion of attraction {unknown}
 j - a potion of cancellation {unknown}
 k - a potion of magic {unknown}
 l - a potion of mutation {unknown}
 n - 2 potions of degeneration {unknown}
 o - 3 potions of curing {unknown}
 v - a potion of invisibility {unknown}
 w - a potion of haste {unknown}
 A - a potion of ambrosia {unknown}
 B - 2 potions of heal wounds {unknown}
Books
 z - a manual of Armour


   Skills:
 * Level 7.1 Fighting
 * Level 10.6 Axes
 + Level 6.8 Armour
 + Level 1.4 Dodging
 + Level 1.1 Stealth
 + Level 7.1 Shields


You had 8 spell levels left.
You didn't know any spells.
Your spell library contained the following spells:

 Spells                   Type           Power        Failure   Level
 Animate Skeleton         Necr           0%           100%        1
 Apportation              Tloc           0%           100%        1
 Corona                   Hex            0%           100%        1
 Pain                     Necr           0%           100%        1
 Summon Small Mammal      Summ           0%           100%        1
 Call Imp                 Summ           0%           100%        2
 Sublimation of Blood     Necr           0%           100%        2
 Call Canine Familiar     Summ           0%           100%        3
 Summon Guardian Golem    Hex/Summ       0%           100%        3
 Vampiric Draining        Necr           0%           100%        3
 Summon Ice Beast         Ice/Summ       0%           100%        4
 Summon Lightning Spire   Summ/Air       0%           100%        4


Dungeon Overview and Level Annotations

Branches:
Dungeon (8/15)             Temple (1/1) D:6           Sewer (visited)
   Lair: D:8-11

Altars:
Ashenzari
Cheibriados
Dithmenos
Fedhas
Gozag
Hepliaklqana
Kikubaaqudgha
Makhleb
Nemelex Xobeh
Qazlal
Ru
Sif Muna
Trog
Uskayaw
Vehumet
Wu Jian
Xom
Yredelemnul
Zin

Shops:
D:6 **


Innate Abilities, Weirdness & Mutations

You reflexively headbutt those who attack you in melee.
You have a pair of horns on your head.


Message History

Okay, then.
As you read the scroll labelled MOOWOR VEAL, it crumbles to dust.
You feel strangely unstable.
It was a scroll of teleportation.
As you read the scroll labelled KECZUNAOGHAZI, it crumbles to dust.
It is a scroll of identify.
i - 4 scrolls of enchant weapon You feel sick.
Your surroundings suddenly seem different.
An ogre comes into view. It is wielding a +0 giant spiked club.
The ogre shouts!
You block the ogre's attack.
Found a ruby ring and 21 gold pieces.
Found a stone staircase leading up.
You feel sick.
The ogre hits you with a +0 giant spiked club!
* * * LOW HITPOINT WARNING * * *
You barely miss the ogre.
You feel sick. You block the ogre's attack.
You hit the ogre.
The ogre is lightly wounded.
The ogre hits you with a +0 giant spiked club!!
You die...

.......... ........
#.....<#
###......###.
#.........$..
......$.# #......# .
.. ##O@....##. #..#
#.....#...# #...
#..=####..#######...
#..## #.....#.#....
####### #.#..#......
#...##...........
#.<...<..........
##................
#......(.......#.#


You could see an ogre.

Vanquished Creatures
  Joseph (D:8)
  A hydra zombie (D:7)
  Sigmund (D:6)
  2 orc warriors
  A hornet zombie (D:7)
  2 ice beasts
  A sky beast (D:5)
  2 ogres
  A phantom (D:7)
  4 bullfrogs
  A scorpion (D:6)
  3 wights (D:7)
  2 howler monkeys
  A centaur zombie (D:8)
  A bullfrog zombie (D:6)
  A jelly (D:7)
  An orc priest (D:4)
  5 orc wizards
  A bullfrog skeleton (D:6)
  Terence (D:3)
  5 worker ants
  A hound skeleton (D:8)
  A worker ant zombie (D:7)
  A gnoll (D:1)
  9 adders
  A shadow imp (D:6)
  An ufetubus (D:5)
  3 oozes
  2 orc zombies (D:7)
  An adder zombie (D:8)
  An adder skeleton (D:8)
  2 worms
  3 dart slugs
  4 leopard geckos
  10 orcs
  4 ball pythons
  A bat zombie (D:2)
  3 giant cockroaches
  3 goblins
  5 hobgoblins
  7 jackals
  10 kobolds
  2 quokkas
  5 bats
  5 frilled lizards
  A jackal skeleton (D:4)
  A jackal zombie (D:6)
  A leopard gecko skeleton (D:4)
  A leopard gecko zombie (D:7)
  A quokka zombie (D:6)
  11 rats
  4 rat zombies (D:2)
143 creatures vanquished.

Vanquished Creatures (others)
  5 fungi (D:2)
  3 plants
8 creatures vanquished.

Grand Total: 151 creatures vanquished

Notes
Turn   | Place    | Note
-------+----------+-------------------------------------------
     0 | D:1      | Fastman69 the Minotaur Fighter began the quest for the Orb.
     0 | D:1      | Reached XP level 1. HP: 19/19 MP: 0/0
    49 | D:1      | Reached XP level 2. HP: 24/27 MP: 1/1
   335 | D:1      | Reached XP level 3. HP: 33/33 MP: 2/2
   438 | D:2      | Noticed an ice beast
   445 | D:2      | Killed an ice beast
   446 | D:2      | Reached skill level 3 in Axes
   446 | D:2      | Reached XP level 4. HP: 24/41 MP: 3/3
   469 | D:2      | Found a blossoming altar of Fedhas.
   564 | D:2      | Found a faded altar of an unknown god.
   591 | D:2      | Reached XP level 5. HP: 38/47 MP: 4/4
   741 | D:2      | Reached skill level 1 in Dodging
   976 | D:2      | Found an ancient bone altar of Kikubaaqudgha.
   984 | D:2      | Became a worshipper of Kikubaaqudgha
  1067 | D:3      | Noticed Terence
  1076 | D:3      | Killed Terence
  1077 | D:3      | Reached skill level 4 in Axes
  1410 | D:3      | Found a shadowy altar of Dithmenos.
  1437 | D:3      | Found a stormy altar of Qazlal.
  1844 | D:4      | Reached skill level 5 in Fighting
  1844 | D:4      | Reached skill level 5 in Axes
  1844 | D:4      | Reached XP level 6. HP: 17/56 MP: 5/5
  2027 | D:4      | Reached skill level 5 in Shields
  2150 | D:4      | Found a glowing drain.
  2161 | Sewer    | Entered a sewer
  2234 | Sewer    | Reached * piety under Kikubaaqudgha
  2234 | Sewer    | Identified Kikubaaqudgha's Handbook of Sinister Arts
                  | (Kikubaaqudgha gifted it to you in a sewer)
  2234 | Sewer    | Received a gift from Kikubaaqudgha
  2519 | D:5      | Entered Level 5 of the Dungeon
  2818 | D:5      | Noticed a sky beast
  2832 | D:5      | Killed a sky beast
  2833 | D:5      | Reached XP level 7. HP: 61/61 MP: 6/6
  3060 | D:5      | Reached skill level 6 in Axes
  3520 | D:6      | Reached skill level 5 in Armour
  3551 | D:6      | Found a hide-covered altar of Uskayaw.
  3551 | D:6      | Noticed Sigmund
  3569 | D:6      | Killed Sigmund
  3570 | D:6      | Reached skill level 7 in Axes
  3720 | D:6      | Found a staircase to the Ecumenical Temple.
  3867 | D:6      | Found Xasau's General Store.
  3879 | Temple   | Entered the Ecumenical Temple
  4038 | Temple   | Fell from the grace of Kikubaaqudgha
  4038 | Temple   | Became a worshipper of Makhleb the Destroyer
  4191 | D:6      | Reached XP level 8. HP: 70/70 MP: 7/7
  4294 | D:6      | Reached skill level 8 in Axes
  4365 | D:6      | Found an opulent altar of Gozag.
  4376 | D:6      | Found Gozag's Platinum Reserve.
  4613 | D:7      | Reached skill level 1 in Stealth
  4666 | D:7      | Reached skill level 9 in Axes
  5432 | D:8      | Noticed Joseph
  5460 | D:8      | Killed Joseph
  5461 | D:8      | Reached skill level 10 in Axes
  5461 | D:8      | Reached XP level 9. HP: 52/79 MP: 8/8
  5554 | D:8      | Found a broken altar of Ashenzari.
  5580 | D:8      | Demolished by an ogre

Illustrated notes

Levels and vault maps discovered:
D:1:      ncdulo_watergridlock, layout_rooms, serial_bayou_pond_e
D:2:      layout_basic, lemuel_zombie_altar_kikubaaqudgha,
          chequers_ecumenical_altar_simple_redux, fedhas_altar_3,
          uniq_crazy_yiuf_cottage
D:3:      layout_basic, grunt_dithmenos_smoke, grunt_qazlal_clouds, uniq_terence
D:4:      layout_rooms, portal_sewer_entry_d
D:5:      layout_gridville
D:6:      layout_cave_pools, nicolae_overflow_crystal_walls,
          nicolae_gozag_zags_fifth_avenue, eat_drink_and_be_merry_uskayaw,
          minmay_temple_entry_grid, serial_shops, shop,
          chequers_serial_rivers_small_3, mumra_transporter_accident,
          minmay_manual_mess, uniq_sigmund
D:7:      layout_loops_corners, tso_oasis_becter, chequers_serial_rivers_micro_c
D:8:      layout_cave_pools, overflow_temple_1_default, gammafunk_ghost_split,
          uniq_joseph
Temple:   dshaligram_water_room_temple

Skill      XL: |  1  2  3  4  5  6  7  8  9 |
---------------+----------------------------+-----
Shields        | 4 5 6 7 |  7.1
Armour         | 4 5 6 |  6.8
Fighting       | 4 5 7 |  7.1
Axes           | 3 5 7 10 | 10.6
Dodging        | 1 |  1.4
Stealth        | 1 |  1.1

Action                   |  1- 3 |  4- 6 |  7- 9 || total
-------------------------+-------+-------+-------++-------
Melee: War axe           |    37 |   184 |   206 ||   427
       Headbutt          |     5 |    29 |    39 ||    73
  Use: Scroll            |       |       |     2 ||     2
Armor: Scale mail        |    35 |    45 |       ||    80
       Chain mail        |       |    22 |       ||    22
       Plate armour      |       |    34 |   120 ||   154
Dodge: Dodged            |    22 |    57 |    48 ||   127
Block: Kite shield       |    35 |   124 |   127 ||   286
